 Dungeon Crawl Stone Soup version 0.27-a0-1281-ge233d83751 (webtiles) character file.

Game seed: 14050515113856538802

14646 Delamore the Impaler (level 12, -8/86 HPs)
             Began as a Formicid Fighter on June 14, 2021.
             Was an Initiate of Gozag.
             Mangled by a six-headed hydra (12 damage)
             ... on level 11 of the Dungeon.
             The game lasted 00:13:30 (9472 turns).

Delamore the Impaler (Formicid Fighter)             Turns: 9472, Time: 00:13:30

Health: -8/86      AC: 16    Str: 24    XL:     12   Next: 47%
Magic:  12/12      EV:  5    Int: 16    God:    Gozag
Gold:   581        SH: 20    Dex: 16    Spells: 11/11 levels left

rFire    + + .     SeeInvis +   a - +0 trident
rCold    . . .     Faith    .   k - +1 tower shield
rNeg     . . .     Spirit   .   J - +0 plate armour
rPois    .         Reflect  .   (helmet unavailable)
rElec    .         Harm     .   C - +2 cloak
rCorr    .         Rampage  .   H - +0 pair of gloves of the Accordion {rF++}
Will     +....                  j - +0 pair of boots
Stlth    ..........             m - amulet of regeneration
HPRegen  1.24/turn              y - +6 ring of intelligence
MPRegen  0.13/turn              E - +6 ring of dexterity

@: no status effects
A: permanent stasis, dig shafts and tunnels, antennae 3, four strong arms
a: Dig, Shaft Self, Renounce Religion, Potion Petition, Call Merchant, Bribe
Branch


You were on level 11 of the Dungeon.
You worshipped Gozag.
Gozag was pleased with you.
You visited 2 branches of the dungeon, and saw 12 of its levels.

You collected 1912 gold pieces.
You spent 586 gold pieces at shops.
You paid 745 gold pieces to Gozag.

Inventory:

Hand Weapons
 a - a +0 trident (weapon)
 o - a +4 vorpal spear
 p - a +2 halberd of freezing
Missiles
 g - 57 poisoned darts (quivered)
 F - 15 boomerangs
Armour
 j - a +0 pair of boots (worn)
 k - a +1 tower shield (worn)
 C - a +2 cloak (worn)
 H - the +0 pair of gloves of the Accordion (worn) {rF++}
   (You bought it in a shop on level 9 of the Dungeon)

   It greatly protects you from fire.
 J - a +0 plate armour (worn)
Jewellery
 m - an amulet of regeneration (around neck)
 y - a +6 ring of intelligence (left hand)
 E - a +6 ring of dexterity (right hand)
Wands
 l - a wand of flame (72)
 q - a wand of paralysis (2)
 r - a wand of mindburst (1)
 z - a wand of polymorph (17)
 G - a wand of acid (5)
Scrolls
 f - 7 scrolls of teleportation
 t - 5 scrolls of identify
 u - a scroll of magic mapping
 v - a scroll of amnesia
 B - a scroll of fog
 D - a scroll of holy word
 I - a scroll of silence
Potions
 b - a potion of degeneration {unknown}
 d - a potion of might
 e - 7 potions of curing
 h - 4 potions of haste
 i - 3 potions of mutation
 s - 2 potions of lignification
 w - a potion of berserk rage
 x - 2 potions of flight


   Skills:
 - Level 5.0 Fighting
 * Level 15.3 Polearms
 - Level 5.0 Throwing
 - Level 3.2 Armour
 + Level 11.3 Shields


You had 11 spell levels left.
You didn't know any spells.
Your spell library contained the following spells:

 Spells                   Type           Power      Damage    Failure   Level
 Sandblast                Erth           0%         2d4       100%        1
 Passwall                 Tmut/Erth      0%         N/A       100%        2
 Stone Arrow              Conj/Erth      0%         3d7       100%        3
 Petrify                  Tmut/Erth      0%         N/A       100%        4
 Lee's Rapid Deconstruct  Erth           0%         3d5*      100%        5


Dungeon Overview and Level Annotations

Branches:
Dungeon (11/15)            Temple (1/1) D:6            Lair (0/6) D:11
    Orc (0/2) D:9

Altars:
Ashenzari
Dithmenos
Elyvilon
Fedhas
Gozag
Hepliaklqana
Kikubaaqudgha
Makhleb
Nemelex Xobeh
Okawaru
Qazlal
Ru
Sif Muna
Trog
Uskayaw
Vehumet
Wu Jian
Xom
Yredelemnul
Zin
The Shining One

Shops:
D:6 =   D:9 ![

Annotations:
D:10 2 transporters, 27snakeeyes612's ghost, journeyman NaFi


Innate Abilities, Weirdness & Mutations

You cannot be hasted, slowed, berserked, paralysed or teleported.
You can dig through walls and to a lower floor.
You have a pair of large antennae on your head. (SInv)
Your four strong arms can wield two-handed weapons with a shield.


Message History

The six-headed hydra bites you. x2
You block the six-headed hydra's attack.
The six-headed hydra bites you but does no damage.
You puncture the six-headed hydra!
The six-headed hydra is severely wounded.
The six-headed hydra bites you but does no damage.
The six-headed hydra bites you.
The six-headed hydra completely misses you.
You block the six-headed hydra's attack. x2
The six-headed hydra bites you!
You puncture the six-headed hydra!
The six-headed hydra is almost dead.
The six-headed hydra bites you.
* * * LOW HITPOINT WARNING * * *
The six-headed hydra bites you!
* * * LOW HITPOINT WARNING * * *
You block the six-headed hydra's attack.
The six-headed hydra bites you but does no damage.
You block the six-headed hydra's attack.
The six-headed hydra closely misses you.
You barely miss the six-headed hydra.
The six-headed hydra is almost dead.
You puncture the six-headed hydra!
The six-headed hydra is almost dead.
The six-headed hydra bites you.
* * * LOW HITPOINT WARNING * * *
You block the six-headed hydra's attack. x2
The six-headed hydra bites you but does no damage. x2
The six-headed hydra bites you.
* * * LOW HITPOINT WARNING * * *
You feel better.
The six-headed hydra bites you but does no damage.
You block the six-headed hydra's attack.
The six-headed hydra bites you!
* * * LOW HITPOINT WARNING * * *
You block the six-headed hydra's attack.
The six-headed hydra bites you but does no damage.
The six-headed hydra bites you!
You die...
Your body crumbles into a pile of gold.

############
#..........#
#####..........#
........>......#
........(......#########
...............'@D.(....
...............########.
####...........#
.###'###...#####
.....##.....##
##...#.......#########
.#...#.......#.......)
.#......^.....#######.#.
.#......................


You could see a six-headed hydra (poisoned).

Vanquished Creatures
  Harold (D:7)
  A rakshasa (D:11)
  A boulder beetle (D:11)
  2 two-headed ogres
  A deep elf pyromancer (D:11)
  An ugly thing (D:11)
  A cyclops (D:8)
  A manticore (D:11)
  2 unseen horrors (D:11)
  A gargoyle (D:11)
  A komodo dragon (D:11)
  A hornet (D:8)
  Prince Ribbit (D:5)
  4 slime creatures (D:8)
  Sigmund (D:4)
  2 wraiths (D:11)
  A wyvern (D:8)
  8 yaks
  4 vampire mosquitoes (D:11)
  Grum (D:11)
  2 wargs (D:11)
  2 acid dragons
  Duvessa (D:5)
  2 ice beasts
  5 orc warriors
  2 sky beasts
  A necrophage (D:5)
  A black bear (D:6)
  A centaur (D:11)
  2 ogres (D:5)
  3 wolves (D:11)
  A phantom (D:4)
  2 kobold brigands
  A bullfrog (D:8)
  2 wyvern skeletons
  A water moccasin skeleton (D:3)
  Dowan (D:5)
  10 killer bees
  4 wights (D:8)
  2 howler monkeys
  7 electric eels (D:9)
  3 jellies
  A bullfrog zombie (D:6)
  3 centaur zombies
  4 quasits (D:4)
  A bullfrog skeleton (D:4)
  6 orc priests
  Crazy Yiuf (D:7)
  3 hounds
  A centaur skeleton (D:7)
  Ijyb (D:5)
  5 iguanas
  7 orc wizards
  A killer bee zombie (D:9)
  A hound skeleton (D:4)
  7 adders
  3 gnolls (D:4)
  2 shadow imps
  3 ufetubi
  An adder skeleton (D:4)
  2 worms
  4 dart slugs
  34 orcs
  7 ball pythons
  7 bats
  10 endoplasms
  A giant cockroach (D:3)
  5 hobgoblins
  3 quokkas
  13 frilled lizards (D:1)
  6 goblins
  11 kobolds
  5 rats
251 creatures vanquished.

Vanquished Creatures (others)
  A kobold (D:9)
  13 plants
14 creatures vanquished.

Grand Total: 265 creatures vanquished

Notes
Turn   | Place    | Note
-------+----------+-------------------------------------------
     0 | D:1      | Delamore the Formicid Fighter began the quest for the Orb.
     0 | D:1      | Reached XP level 1. HP: 18/18 MP: 1/1
   159 | D:1      | Reached XP level 2. HP: 24/24 MP: 2/2
   241 | D:1      | Found a faded altar of an unknown god.
   250 | D:1      | Reached XP level 3. HP: 15/30 MP: 3/3
   265 | D:1      | Reached skill level 3 in Polearms
   528 | D:1      | Became a worshipper of Vehumet
   528 | D:1      | Reached * piety under Vehumet
   528 | D:1      | Offered knowledge of Sandblast by Vehumet.
  1096 | D:2      | Reached XP level 4. HP: 37/37 MP: 4/4
  1451 | D:3      | Reached skill level 4 in Polearms
  1496 | D:3      | Reached XP level 5. HP: 29/42 MP: 5/5
  2723 | D:4      | Reached XP level 6. HP: 49/49 MP: 6/6
  2831 | D:4      | Reached skill level 5 in Polearms
  2850 | D:4      | Reached ** piety under Vehumet
  2851 | D:4      | Reached skill level 1 in Throwing
  2875 | D:4      | Found a glowing silver altar of Zin.
  2875 | D:4      | Found an ancient bone altar of Kikubaaqudgha.
  2914 | D:4      | Reached skill level 5 in Fighting
  2925 | D:4      | Offered knowledge of Searing Ray by Vehumet.
  2972 | D:4      | Reached XP level 7. HP: 56/56 MP: 7/7
  3065 | D:4      | Noticed Sigmund
  3099 | D:4      | Killed Sigmund
  3100 | D:4      | Reached skill level 6 in Polearms
  3147 | D:4      | Found a shimmering altar of Xom.
  3147 | D:4      | Found a shimmering blue altar of Sif Muna.
  3291 | D:4      | Reached XP level 8. HP: 62/62 MP: 8/8
  3416 | D:5      | Entered Level 5 of the Dungeon
  3422 | D:5      | Reached skill level 7 in Polearms
  3502 | D:5      | Noticed Ijyb
  3509 | D:5      | Killed Ijyb
  3741 | D:5      | Noticed Dowan
  3748 | D:5      | Noticed Duvessa
  3750 | D:5      | Killed Dowan
  3751 | D:5      | Reached skill level 8 in Polearms
  3763 | D:5      | Killed Duvessa
  3792 | D:5      | Noticed Prince Ribbit
  3811 | D:5      | Killed Prince Ribbit
  3812 | D:5      | Reached XP level 9. HP: 57/68 MP: 9/9
  4141 | D:5      | Reached skill level 5 in Throwing
  4142 | D:5      | Offered knowledge of Ignite Poison by Vehumet.
  4202 | D:5      | Reached skill level 9 in Polearms
  4280 | D:5      | Found a hazy altar of Hepliaklqana.
  4286 | D:5      | Found a broken altar of Ashenzari.
  4519 | D:6      | Found Liebraw's Jewellery Emporium.
  4579 | D:6      | Reached *** piety under Vehumet
  4591 | D:6      | Reached skill level 10 in Polearms
  4616 | D:6      | Found a staircase to the Ecumenical Temple.
  4691 | Temple   | Entered the Ecumenical Temple
  4700 | Temple   | Fell from the grace of Vehumet
  4700 | Temple   | Became a worshipper of Gozag Ym Sagoz the Greedy
  4996 | D:7      | Noticed Harold
  5009 | D:7      | Killed Harold
  5010 | D:7      | Reached skill level 11 in Polearms
  5010 | D:7      | Reached skill level 5 in Shields
  5010 | D:7      | Reached XP level 10. HP: 68/74 MP: 10/10
  5103 | D:7      | You fall into a shaft and drop 1 floor!
  5236 | D:8      | Noticed a cyclops
  5244 | D:8      | Killed a cyclops
  5369 | D:7      | Reached skill level 12 in Polearms
  5633 | D:7      | Found a runed translucent door.
  5634 | D:7      | Noticed Crazy Yiuf
  5667 | D:7      | Killed Crazy Yiuf
  6096 | D:8      | Reached XP level 11. HP: 78/79 MP: 11/11
  6591 | D:9      | Found a bloodstained altar of Trog.
  6864 | D:9      | Reached skill level 13 in Polearms
  7055 | D:9      | Found a staircase to the Orcish Mines.
  7212 | D:9      | Found a blossoming altar of Fedhas.
  7212 | D:9      | Found a basalt altar of Yredelemnul.
  7234 | D:9      | Found Qoureum's Distillery.
  7343 | D:9      | Noticed a two-headed ogre
  7357 | D:9      | Killed a two-headed ogre
  7493 | D:9      | Bought a potion of curing for 45 gold pieces
  7493 | D:9      | Bought 2 potions of curing for 90 gold pieces
  7493 | D:9      | Bought a potion of curing for 45 gold pieces
  7911 | D:9      | Bought the +0 pair of gloves of the Accordion {rF++} for
                  | 406 gold pieces
  7941 | D:10     | Entered Level 10 of the Dungeon
  8030 | D:10     | Found a transporter.
  8034 | D:10     | Found a transporter.
  8036 | D:10     | Noticed 27snakeeyes612's ghost (journeyman NaFi)
  8037 | D:10     | Identified the +6 dire flail of Fedhas's Castigation
                  | {flame, rC+ Int+2}
  8037 | D:10     | Identified the +4 dire flail "Hyimott" {antimagic, *Slow
                  | rF+ Will+ Dex+3}
  8037 | D:10     | Noticed a two-headed ogre
  8040 | D:10     | Noticed a two-headed ogre
  8418 | D:11     | Noticed a rakshasa
  8426 | D:11     | Killed a rakshasa
  8427 | D:11     | Reached skill level 14 in Polearms
  8493 | D:11     | Reached skill level 10 in Shields
  8513 | D:11     | Noticed a deep elf pyromancer
  8522 | D:11     | Killed a deep elf pyromancer
  8555 | D:11     | Reached XP level 12. HP: 86/86 MP: 12/12
  8653 | D:11     | Found a staircase to the Lair.
  8945 | D:11     | Was forgiven by Vehumet
  9034 | D:11     | Noticed a two-headed ogre
  9040 | D:11     | Killed a two-headed ogre
  9041 | D:11     | Reached skill level 15 in Polearms
  9171 | D:11     | Noticed Grum
  9184 | D:11     | Killed Grum
  9326 | D:11     | Noticed a boulder beetle
  9341 | D:11     | Killed a boulder beetle
  9454 | D:11     | Noticed a six-headed hydra
  9472 | D:11     | HP: 4/86 [six-headed hydra (13)]
  9472 | D:11     | Mangled by a six-headed hydra

Illustrated notes

Levels and vault maps discovered:
D:1:      ncdulo_wetmaze, layout_rooms, basic_ecumenical_altar,
          grunt_decor_arrowhead, minmay_lizard_king
D:2:      layout_basic
D:3:      layout_loops_corners, amethyst_killhole, grunt_ministairs_3
D:4:      cheibrodos_quashed, layout_cave_pools, jmf_multi_god_temple,
          gammafunk_temple_overflow_elements, minmay_misc_feat_plants,
          uniq_sigmund
D:5:      layout_gridville, amethyst_overflow_temple_binary, uniq_duvessa,
          uniq_ijyb, uniq_prince_ribbit1
D:6:      layout_rooms, minmay_temple_entry_butterflies, serial_shops,
          kennysheep_little_box
D:7:      layout_rooms, uniq_crazy_yiuf_cottage, uniq_harold
D:8:      layout_basic
D:9:      layout_loops_corners, trog_book, gammafunk_temple_overflow_wave,
          hiddenorc1_lemuel, serial_shops, shop, chequers_big_river,
          minmay_misc_feat_room
D:10:     layout_rooms, gammafunk_ghost_smash
D:11:     minmay_s_stair_smasher, layout_basic, erik_lair_orcish_takeover,
          kennysheep_generic_room_6, uniq_grum
Temple:   cyrus_circular_temple

Skill      XL: |  1  2  3  4  5  6  7  8  9 10 11 12 |
---------------+-------------------------------------+-----
Polearms       | 3 4 5 6 8 11 12 14 15 | 15.3
Fighting       | 4 5 |  5.0
Throwing       | 1 3 4 5 |  5.0
Shields        | 5 8 10 11 | 11.3
Armour         | |  3.2

Action                   |  1- 3 |  4- 6 |  7- 9 | 10-12 || total
-------------------------+-------+-------+-------+-------++-------
Melee: Trident           |   117 |   180 |       |    11 ||   308
       Halberd           |       |       |   175 |   522 ||   697
       Spear             |       |       |     6 |       ||     6
Throw: Dart              |       |    18 |    24 |    17 ||    59
       Throwing net      |       |       |       |     2 ||     2
Invok: Call Merchant     |       |       |       |     1 ||     1
 Abil: Dig               |     1 |     2 |     2 |     6 ||    11
Evoke: Wand              |       |       |       |     8 ||     8
  Use: Scroll            |     2 |     3 |     7 |     5 ||    17
       Potion            |       |       |       |     2 ||     2
 Stab: Invisible         |       |       |       |     2 ||     2
       Distracted        |       |       |       |     4 ||     4
       Paralysed         |       |       |       |     1 ||     1
       Confused          |       |       |       |     1 ||     1
       Held in net/web   |       |       |       |     1 ||     1
Armor: Scale mail        |    55 |    67 |    89 |    85 ||   296
       Plate armour      |       |       |       |    34 ||    34
Dodge: Dodged            |    27 |    52 |    83 |    94 ||   256
Block: Kite shield       |    51 |    70 |    73 |   186 ||   380
       Tower shield      |       |       |       |    63 ||    63

Table legend: (Time is in decaauts)
 A = Elapsed time spent in this place.
 B = Non-inter-level travel time spent in this place.
 C = Inter-level travel time spent in this place.
 D = Time resting spent in this place.
 E = Time spent auto-exploring this place.
 F = Levels seen in this place.
 G = Mean time per level.
                   A        B        C        D        E       F      G
               +--------+--------+--------+--------+--------+-----+--------+
         Total |   9561 |   9120 |    441 |    263 |   6765 |  12 |  796.8 |
       Dungeon |   9532 |   9103 |    429 |    263 |   6757 |  11 |  866.5 |
        Temple |     28 |     16 |     12 |      0 |      8 |   1 |   28.0 |
               +--------+--------+--------+--------+--------+-----+--------+

Top non-repeatable levels by time:
     D:3: 1560 daAuts
     D:9: 1416 daAuts
    D:11: 1126 daAuts
     D:8: 968 daAuts
     D:5: 959 daAuts
     D:4: 742 daAuts
     D:1: 669 daAuts
     D:7: 605 daAuts
     D:6: 600 daAuts
     D:2: 557 daAuts
    D:10: 326 daAuts
  Temple: 28 daAuts
